 Dungeon Crawl Stone Soup version 0.22.1-1-ga44c0e5 (webtiles) character file.

771 sqayer the Agent of Entropy (level 7, -8/55 HPs)
             Began as a Demonspawn Abyssal Knight on Oct 11, 2018.
             Was a Priest of Lugonu.
             Mangled by an ogre
             ... wielding a +0 giant spiked club
              (20 damage)
             ... on level 6 of the Dungeon on Oct 15, 2018.
             The game lasted 00:13:41 (3552 turns).

sqayer the Agent of Entropy (DsAK)                  Turns: 3552, Time: 00:13:42

Health: -8/55      AC:  3    Str: 14    XL:     7   Next: 53%
Magic:  11/11      EV: 13    Int: 13    God:    Lugonu [***...]
Gold:   50         SH:  0    Dex: 13    Spells: 6/6 levels left

rFire    . . .     SeeInvis +   a - +1 falchion
rCold    . . .     Gourm    .   (no shield)
rNeg     . . .     Faith    +   b - +0 leather armour
rPois    .         Spirit   .   (helmet restricted)
rElec    .         Reflect  .   (no cloak)
rCorr    .         Harm     .   (no gloves)
MR       .....                  (no boots)
Stlth    ++........             e - amulet of faith
HPRegen  0.18/turn              h - ring of see invisible
MPRegen  0.12/turn              (no ring)

@: no status effects
A: horns 1, spiny 1, rot immunity
a: Depart the Abyss, Bend Space, Banish, Renounce Religion


You were on level 6 of the Dungeon.
You worshipped Lugonu.
Lugonu was most pleased with you.
You were not hungry.

You visited 1 branch of the dungeon, and saw 5 of its levels.
You visited the Abyss 1 time.

You collected 50 gold pieces.

Inventory:

Hand Weapons
 a - a +1 falchion (weapon)
Armour
 b - a +0 leather armour (worn)
Jewellery
 e - an amulet of faith (around neck)
 h - a ring of see invisible (left hand)
Scrolls
 d - 3 scrolls of teleportation {unknown}
 f - a scroll of magic mapping {unknown}
 g - 4 scrolls of identify {unknown}
 i - a scroll of fog {unknown}
Potions
 j - a potion of resistance {unknown}
 k - a potion of agility {unknown}
Comestibles
 c - 6 rations


   Skills:
 - Level 4.5 Fighting
 + Level 3.8 Long Blades
 - Level 1.8 Armour
 + Level 3.4 Dodging
 + Level 3.5 Stealth
 + Level 5.5 Invocations


You had 6 spell levels left.
You didn't know any spells.
Your spell library was empty.

Dungeon Overview and Level Annotations

Branches:
Dungeon (6/15)
 Temple: D:4-7

Altars:
Makhleb

Annotations:
D:6 Eustachio


Innate Abilities, Weirdness & Mutations

You have a pair of small horns on your head.
You are partially covered in sharp spines.
You are immune to rotting.


Message History

The ogre is heavily wounded.
The ogre closely misses you.
You hit the ogre but do no damage.
The ogre is heavily wounded.
The ogre hits you with a giant spiked club!!
You hit the ogre.
The ogre is severely wounded.
The ogre is struck by your spines.
The ogre hits you with a giant spiked club!
* * * LOW HITPOINT WARNING * * *
You barely miss the ogre.
You headbutt the ogre, but do no damage.
The ogre is severely wounded.
The ogre closely misses you.
You hit the ogre but do no damage.
The ogre is severely wounded.
You hit the ogre.
The ogre is almost dead.
The ogre hits you with a giant spiked club!!
You die...

##################
..............YO@#
.....<....########
..........#
..........#
..........#
............
..........###
..........#
.......


You could see a sky beast (invisible) and an ogre.

Vanquished Creatures
  A hippogriff (D:5)
  An ogre (D:6)
  A bullfrog (D:6)
  2 scorpions (D:6)
  2 crimson imps
  A bullfrog zombie (D:6)
  2 hounds
  An iguana (D:5)
  An orc wizard (D:6)
  A worker ant (D:5)
  A worker ant zombie (D:5)
  3 adders (D:2)
  An ooze (D:2)
  A worm (D:2)
  A dart slug (D:1)
  A leopard gecko (D:2)
  4 orcs (D:6)
  4 giant cockroaches
  2 hobgoblins (D:2)
  5 kobolds
  3 quokkas
  11 bats
  5 frilled lizards (D:1)
  3 goblins (D:2)
  6 rats
64 creatures vanquished.

Notes
Turn   | Place    | Note
-------+----------+-------------------------------------------
     0 | Abyss:1  | sqayer the Demonspawn Abyssal Knight began the quest for
                  | the Orb.
     0 | Abyss:1  | Reached XP level 1. HP: 18/18 MP: 2/2
    42 | Abyss:1  | Noticed a bone dragon
    48 | D:1      | Escaped the Abyss
   158 | D:1      | Reached skill level 1 in Dodging
   400 | D:1      | Gained mutation: You have a pair of small horns on your
                  | head. [demonic ancestry]
   400 | D:1      | Reached XP level 2. HP: 24/24 MP: 4/4
   479 | D:1      | Reached ** piety under Lugonu
   619 | D:2      | Found a burning altar of Makhleb.
   631 | D:2      | Reached skill level 1 in Stealth
   631 | D:2      | Reached skill level 3 in Invocations
   631 | D:2      | Reached XP level 3. HP: 24/29 MP: 5/5
   673 | D:2      | Reached XP level 4. HP: 8/35 MP: 6/6
  1717 | D:2      | You fall through a shaft for 2 floors!
  1750 | D:5      | Entered Level 5 of the Dungeon
  1992 | D:5      | Noticed a hippogriff
  2038 | D:5      | Killed a hippogriff
  2038 | D:5      | Reached skill level 4 in Invocations
  2038 | D:5      | Gained mutation: You are immune to rotting. [demonic
                  | ancestry]
  2038 | D:5      | Reached XP level 5. HP: 17/42 MP: 6/8
  2038 | D:5      | Gained mutation: You are partially covered in sharp spines.
                  | [demonic ancestry]
  2038 | D:5      | Reached XP level 6. HP: 20/48 MP: 6/9
  2888 | D:6      | Reached XP level 7. HP: 48/55 MP: 10/10
  3012 | D:6      | Noticed Eustachio
  3049 | D:6      | Reached *** piety under Lugonu
  3049 | D:6      | Reached skill level 5 in Invocations
  3552 | D:6      | Mangled by an ogre

Skill      XL: |  1  2  3  4  5  6  7 |
---------------+----------------------+-----
Dodging        | 1 2 3 |  3.4
Long Blades    | 2 3 |  3.8
Stealth        | 1 2 3 |  3.5
Invocations    | 3 4 5 |  5.5
Fighting       | 4 |  4.5
Armour         | |  1.8

Action                   |  1- 3 |  4- 6 |  7- 9 || total
-------------------------+-------+-------+-------++-------
Melee: Falchion          |    72 |   117 |    34 ||   223
       Headbutt          |     5 |    17 |     6 ||    28
Invok: Bend Space        |       |     1 |       ||     1
  Use: Potion            |     1 |     1 |       ||     2
 Stab: Sleeping          |     1 |     1 |     1 ||     3
  Eat: Chunk             |       |     3 |       ||     3
       Ration            |       |     1 |     1 ||     2
Armor: Leather armour    |    25 |    22 |     1 ||    48
       Skin              |       |    56 |       ||    56
Dodge: Dodged            |    46 |    68 |    14 ||   128
       Rpst.: Falchion   |    11 |    20 |     4 ||    35
